 Dungeon Crawl Stone Soup version 0.29-a0-338-g1ff7896281 (webtiles) character file.

Game seed: 14876649169075842216

1489 spaghetti the Sneak (level 8, 0/103 HPs)
             Began as a Naga Fighter on Apr 18, 2022.
             Was a Believer of the Shining One.
             Succumbed to a water moccasin's poison
             ... on level 6 of the Dungeon.
             The game lasted 00:08:09 (4545 turns).

spaghetti the Sneak (Naga Fighter)                  Turns: 4545, Time: 00:08:10

Health: 0/103      AC: 24    Str: 20      XL:     8   Next: 80%
Magic:  8/8        EV:  1    Int:  7 (8)  God:    the Shining One [**....]
Gold:   219        SH:  4    Dex: 10 (12) Spells: 7/7 levels left

rFire   + + .      SeeInvis +   a - +0 long sword {long}
rCold   + . .      Faith    .   c - +0 buckler
rNeg    + . .      Spirit   .   (body armour currently unavailable)
rPois   +          Reflect  .   (helmet currently unavailable)
rElec   +          Harm     .   (cloak currently unavailable)
rCorr   +          Rampage  .   (gloves currently unavailable)
Will    .....      NoTele   +   (no barding)
Stlth   ++........              (no amulet)
HPRegen 0.27/turn               y - ring of protection from fire
MPRegen 0.11/turn               (no ring)

@: mighty, lethally poisoned (0 -> -1), tree-form, resistant, weak-willed,
glowing
A: stationary, stasis, torment immunity, boosted hp, AC +2, large, see
invisible, (deformed body), (poison resistance), (slowness 2), spit poison 1,
(naga tail 1)
a: Spit Poison, Renounce Religion, Divine Shield


You were on level 6 of the Dungeon.
You worshipped the Shining One.
The Shining One was pleased with you.
You were a tree.
You visited 1 branch of the dungeon, and saw 6 of its levels.

You collected 219 gold pieces.


Innate Abilities, Weirdness & Mutations

You are a tree.
Your roots penetrate the ground, keeping you stationary.
You cannot be teleported.
You are immune to unholy pain and torment.
Your maximum health is greatly increased.
Your equipment is partially melded.
((Your serpentine skin is tough. (AC +2)))
You have supernaturally acute eyesight. (SInv)
((Armour fits poorly on your strangely shaped body.))
((Your system is resistant to poisons. (rPois)))
((You cover ground very slowly.))
You can spit poison.
((You have a snake-like lower body.))


   Skills:
 - Level 3.0 Fighting
 + Level 4.9 Long Blades
 * Level 4.6 Throwing
 - Level 2.4 Armour
 * Level 5.3 Dodging
 + Level 6.9 Stealth
 - Level 2.4 Shields


You had 7 spell levels left.
You didn't know any spells.
Your spell library contained the following spells:

 Spells                   Type           Power      Damage    Failure   Level
 Pain                     Necr           0%         1d4       50%         1
 Gell's Gravitas          Tloc           0%         N/A       86%         3
 Lesser Beckoning         Tloc           0%         N/A       86%         3
 Teleport Other           Tloc           0%         N/A       86%         3
 Animate Dead             Necr           0%         N/A       99%         4
 Eringya's Noxious Bog    Tmut/Pois      0%         N/A       100%        6
 Simulacrum               Ice/Necr       0%         N/A       100%        6
 Haunt                    Necr/Summ      0%         N/A       100%        7
 Infestation              Necr           0%         N/A       100%        8

Inventory:

Hand Weapons
 a - a +0 long sword (weapon) {long}
 o - a +3 falchion {long}
   (You took it off an orc on level 5 of the Dungeon)
 t - a +4 whip {mace}
   (You took it off an orc on level 3 of the Dungeon)
Missiles
 e - 2 throwing nets {=f!fthrowing}
 i - 133 stones (quivered) {throwing}
 z - a curare-tipped dart {=fthrowing}
Armour
 b - a +0 scale mail
 c - a +0 buckler (worn)
 d - a +0 troll leather armour (melded) {Pargi}
   (You found it on level 3 of the Dungeon)
 p - a +2 pair of gloves of hurling (melded)
   (You found it on level 3 of the Dungeon)
Jewellery
 q - a ring of ice
   (You found it on level 3 of the Dungeon)
 s - a ring of see invisible
   (You found it on level 3 of the Dungeon)
 w - a ring of ice
   (You found it on level 4 of the Dungeon)
 y - a ring of protection from fire (left branch)
   (You found it on level 4 of the Dungeon)
Scrolls
 f - a scroll of vulnerability {!r!r}
 h - 7 scrolls of identify {unknown}
 j - 3 scrolls of noise {unknown}
 k - a scroll of immolation {unknown}
 l - a scroll of fear {unknown}
 n - a scroll of blinking {unknown}

Dungeon Overview and Level Annotations

Branches:
Dungeon (6/15)             Temple (0/1) D:6

Altars:
Dithmenos
Elyvilon
Makhleb
The Shining One

Shops:
D:1 (=(([   D:5 *

Annotations:
D:4 1 transporter

#..(#.#.# #(..
.#.# #.(( .#.#
##.(. ... ##....
..### ##
.....###... ..
#.)).#.# #.##
#.)♣)..# #.#.
#.##†#.#
#.####.#. ..
#.#.# #........
## #.#.#
######..# #.#.#
#..# #.#.## #..#
#.#..# #..#
#.#..#########..#
..#.............#


There were no monsters in sight!


Message History

The adder misses you. 😨 HP[-2]
You take 2 damage, and now have 21/69 hp.
You closely miss the adder. The water moccasin bites you.
* * * LOW HITPOINT WARNING * * *
The adder bites you but does no damage.
The water moccasin barely misses you. 😨 HP[-3]
You take 3 damage, and now have 18/69 hp.
You closely miss the adder. The adder bites you but does no damage.
You block the water moccasin's attack.
The adder completely misses you. 😨 HP[+1]
You slash the adder!
You kill the adder!
The water moccasin bites you.
* * * LOW HITPOINT WARNING * * *
The water moccasin closely misses you. 😱 HP[-3]
You take 3 damage, and now have 16/69 hp.
You barely miss the water moccasin. The water moccasin bites you.
* * * LOW HITPOINT WARNING * * *
You are poisoned.
The water moccasin poisons you! The water moccasin bites you.
* * * LOW HITPOINT WARNING * * *
😱 HP[-10]
You take 10 damage, and now have 6/69 hp.
Unknown command.
Okay, then.
Aiming: Iceblast
Press: ? - help, Shift-Dir - straight line The mass of ice explodes!
The iceblast engulfs the water moccasin!
You feel sick. The water moccasin bites you.
* * * LOW HITPOINT WARNING * * *
😱 HP[-4]
You take 4 damage, and now have 2/69 hp.
Aiming: Iceblast
Press: ? - help, Shift-Dir - straight line The mass of ice explodes!
The iceblast engulfs the water moccasin!
The now-empty wand crumbles to dust.
* * * LOW HITPOINT WARNING * * *
You feel sick. The water moccasin bites you.
The Shining One protects you from harm! 😱 HP[-1]
You take 1 damage, and now have 1/69 hp.
Okay, then.
Okay, then.
Aiming: Spit Poison (1% risk of failure)
Press: ? - help, Shift-Dir - straight line, f - water moccasin
Aim: a water moccasin (almost dead, haloed, 63% to hit)
The splash of poison hits the water moccasin.
The water moccasin is poisoned.
* * * LOW HITPOINT WARNING * * *
You feel sick.
You kill the water moccasin!
You feel your strength returning.
You are illuminated by a small divine halo.
You are mighty.
You are lethally poisoned (1 -> 0).
You are short of breath.
You are glowing.
Your movement speed is very slow.
Your attack delay is about 1.1.
Your base attributes are Str 20, Int 8, Dex 12.
Okay, then.
As you read the scroll labelled JINGANG VIMMIHE, it crumbles to dust.
Magic quickly surges around you.
It was a scroll of vulnerability.
* * * LOW HITPOINT WARNING * * *
You feel sick.
Unknown command.
Unknown command.
There is a lethal amount of poison in your body!
You feel protected.
You have got your breath back.
* * * LOW HITPOINT WARNING * * *
You feel sick.
Unknown command.
There is a lethal amount of poison in your body!
Okay, then.
Really quaff
u - a potion of lignification {!q}?
Really quaff the potion of lignification?
You turn into a tree.
Your +2 pair of gloves of hurling melds into your body.
Your +0 troll leather armour {Pargi} melds into your body.
Your aim is not that steady anymore.
Your roots penetrate the ground.
* * * LOW HITPOINT WARNING * * *
You feel sick.
You now have 103 max hp (+34).
You are illuminated by a small divine halo.
You are mighty.
You are lethally poisoned (1 -> 0).
You are a tree.
You are resistant to the elements.
You are weak-willed.
You are glowing.
Your movement speed is average.
Your attack delay is about 1.1.
Your base attributes are Str 20, Int 8, Dex 12.
Unknown command.
* * * LOW HITPOINT WARNING * * *
You feel sick.
Unknown command.
Unknown command.
Unknown command.
You die...

Skill      XL: |  1  2  3  4  5  6  7  8 |
---------------+-------------------------+-----
Stealth        | 1 2 3 4 5 6 |  6.9
Dodging        | 1 2 3 4 5 |  5.3
Long Blades    | 3 4 |  4.9
Throwing       | 2 3 4 |  4.6
Fighting       | |  3.0
Armour         | |  2.4
Shields        | |  2.4

Action                   |  1- 3 |  4- 6 |  7- 9 || total
-------------------------+-------+-------+-------++-------
Melee: Long sword        |    96 |    92 |   135 ||   323
Throw: Stone             |       |    56 |    84 ||   140
 Abil: Spit Poison       |     3 |     6 |     2 ||    11
Evoke: Wand              |       |       |     2 ||     2
  Use: Potion            |     1 |     3 |     9 ||    13
       Scroll            |       |       |     1 ||     1
Armor: Scale mail        |    38 |    32 |       ||    70
       Skin              |       |    19 |       ||    19
       Troll leather arm |       |    20 |    73 ||    93
Dodge: Dodged            |    35 |    41 |    87 ||   163
Block: Buckler           |    23 |    19 |    40 ||    82

Levels and vault maps discovered:
D:1:      zelgadis_glass_arrival_small, layout_loops_ring,
          basic_ecumenical_altar, serial_shops, shop_statue, shop,
          nicolae_shop_bloodbath_and_beyond, nicolae_shop_overgrown_old_shop,
          shop
D:2:      layout_rooms, basic_altar
D:3:      layout_rooms, nicolae_dithmenos_shadow_blocks, elyvilon_altar_5,
          st_stairs_12, uniq_pargi
D:4:      gammafunk_cloud_chamber, layout_layer_cave, minmay_misc_feat_pillars,
          kennysheep_generic_room_9
D:5:      layout_cave_pools, serial_shops, shop_statue, mrwooster_statue_mirror
D:6:      layout_loops_ring, temple_green, st_stairs_1

Notes
Turn   | Place    | Note
-------+----------+-------------------------------------------
     0 | D:1      | spaghetti the Naga Fighter began the quest for the Orb.
     0 | D:1      | Reached XP level 1. HP: 21/21 MP: 1/1
     0 | D:1      | magus.rc [v1.9.6]
   277 | D:1      | Found a faded altar of an unknown god.
   293 | D:1      | Found Todd's Jewellery Boutique.
   301 | D:1      | HP: 5/21 [quokka (3)]
   303 | D:1      | Reached skill level 1 in Stealth
   303 | D:1      | Reached XP level 2. HP: 8/28 MP: 2/2
   305 | D:1      | Found Duwass's Weapon Shoppe.
   543 | D:1      | Prayed at the altar of an unknown god.
   543 | D:1      | Became a worshipper of the Shining One
   543 | D:1      | Reached * piety under the Shining One
   572 | D:1      | Found Iqownupa's Antique Weapon Boutique.
   579 | D:1      | Reached skill level 1 in Dodging
   638 | D:1      | Found Vyoprisi's Antique Armour Boutique.
   814 | D:1      | Found Ubofinid's Weapon Emporium.
   978 | D:1      | Reached XP level 3. HP: 34/34 MP: 3/3
  1109 | D:2      | Reached skill level 2 in Stealth
  1432 | D:2      | You pick up a book of Displacement and begin reading...
  1432 | D:2      | You add the spells Lesser Beckoning, Gell's Gravitas and
                  | Teleport Other to your library.
  1500 | D:2      | Found a burning altar of Makhleb.
  1519 | D:2      | You pick up a book of Death {forbidden} and begin
                  | reading...
  1519 | D:2      | You add the spells Animate Dead, Haunt and Infestation to
                  | your library.
  1622 | D:2      | Reached skill level 2 in Dodging
  1622 | D:2      | Reached XP level 4. HP: 16/42 MP: 4/4
  2050 | D:3      | Found a white marble altar of Elyvilon.
  2092 | D:3      | Noticed Pargi
  2103 | D:3      | Killed Pargi
  2104 | D:3      | Reached skill level 3 in Long Blades
  2104 | D:3      | Reached skill level 3 in Stealth
  2104 | D:3      | Reached XP level 5. HP: 26/49 MP: 5/5
  2115 | D:3      | HP: 12/49 [poisoned by an adder]
  2120 | D:3      | HP: 8/49 [poisoned by an adder]
  2415 | D:3      | Found a shadowy altar of Dithmenos.
  2465 | D:3      | You add the spells Pain, Simulacrum and Eringya's Noxious
                  | Bog to your library.
  2465 | D:3      | Got Jykkeboe's Grimoire of Doomed Poison
  2540 | D:3      | Reached skill level 3 in Dodging
  2540 | D:3      | Reached skill level 4 in Stealth
  2567 | D:3      | Reached XP level 6. HP: 21/56 MP: 6/6
  2880 | D:4      | Found a transporter.
  2896 | D:3      | Reached skill level 1 in Throwing
  2952 | D:4      | Reached ** piety under the Shining One
  2995 | D:4      | Reached skill level 2 in Throwing
  2995 | D:4      | Reached XP level 7. HP: 62/62 MP: 7/7
  3054 | D:4      | Reached skill level 5 in Stealth
  3369 | D:4      | Reached skill level 4 in Long Blades
  3369 | D:4      | Reached skill level 4 in Dodging
  3659 | D:5      | Entered Level 5 of the Dungeon
  3689 | D:5      | Reached skill level 3 in Throwing
  3845 | D:5      | Reached XP level 8. HP: 44/69 MP: 8/8
  3924 | D:5      | Reached skill level 6 in Stealth
  4187 | D:5      | Found Zosamno's General Store.
  4301 | D:6      | Reached skill level 4 in Throwing
  4402 | D:6      | Found a staircase to the Ecumenical Temple.
  4482 | D:6      | Reached skill level 5 in Dodging
  4529 | D:6      | HP: 17/69 [water moccasin (8)]
  4536 | D:6      | HP: 16/69 [water moccasin (4)]
  4537 | D:6      | HP: 6/69 [water moccasin (5)]
  4538 | D:6      | HP: 2/69 [water moccasin (3)]
  4539 | D:6      | The Shining One protects you from harm!
  4543 | D:6      | HP: 1/103 [poisoned by a water moccasin]
  4545 | D:6      | Succumbed to a water moccasin's poison

Vanquished Creatures
  A water moccasin (D:6)
  Pargi (D:3)
  A sky beast (D:6)
  An ice beast (D:5)
  A centaur (D:4)
  3 phantoms
  A kobold brigand (D:5)
  3 scorpions
  2 necrophages
  3 orc priests
  5 orc wizards
  7 adders
  7 gnolls
  An ufetubus (D:6)
  4 worms
  A dart slug (D:1)
  11 orcs
  5 ball pythons
  3 bats
  6 endoplasms
  4 giant cockroaches
  7 goblins
  3 hobgoblins
  6 jackals
  8 kobolds
  4 quokkas (D:1)
  3 frilled lizards
  5 rats
107 creatures vanquished.

Vanquished Creatures (others)
  3 plants (D:1)
3 creatures vanquished.

Grand Total: 110 creatures vanquished

Table legend:
 A = Non-vault XP
 B = Vault XP
 C = Vault XP percentage of total XP
 D = Non-vault monster count
 E = Vault monster count
 F = Vault count percentage of total count
                 A         B        C        D         E       F
            +---------+---------+-------+---------+---------+-------
      Total |    1876 |     252 |  11.8 |     104 |       3 |   2.8
            +---------+---------+-------+---------+---------+-------
        D:1 |      41 |       0 |   0.0 |      23 |       0 |   0.0
        D:2 |      69 |       0 |   0.0 |      21 |       0 |   0.0
        D:3 |     151 |     140 |  48.1 |      16 |       2 |  11.1
        D:4 |     435 |     112 |  20.5 |      12 |       1 |   7.7
        D:5 |     567 |       0 |   0.0 |      20 |       0 |   0.0
        D:6 |     613 |       0 |   0.0 |      12 |       0 |   0.0
            +---------+---------+-------+---------+---------+-------

Illustrated notes

Table legend:
 A = Kills in this place as a percentage of kills in entire the game.
 B = Kills by you in this place as a percentage of kills by you in the entire game.
 C = Kills by friends in this place as a percentage of kills by friends in the entire game.
 D = Other kills in this place as a percentage of other kills in the entire game.
 E = Experience gained in this place as a percentage of experience gained in the entire game.
 F = Experience gained in this place divided by the number of levels of this place that you have seen.
                   A       B       C       D       E      F
               +-------+-------+-------+-------+-------+----------------------
         Total | 100.0 | 100.0 |   N/A |   N/A | 100.0 | 354.7
       Dungeon | 100.0 | 100.0 |   N/A |   N/A | 100.0 | 354.7
               +-------+-------+-------+-------+-------+----------------------

Table legend: (Time is in decaauts)
 A = Elapsed time spent in this place.
 B = Non-inter-level travel time spent in this place.
 C = Inter-level travel time spent in this place.
 D = Time resting spent in this place.
 E = Time spent auto-exploring this place.
 F = Levels seen in this place.
 G = Mean time per level.
                   A        B        C        D        E       F      G
               +--------+--------+--------+--------+--------+-----+--------+
         Total |   5570 |   5413 |    157 |    892 |   3579 |   6 |  928.3 |
       Dungeon |   5570 |   5413 |    157 |    892 |   3579 |   6 |  928.3 |
               +--------+--------+--------+--------+--------+-----+--------+

Top non-repeatable levels by time:
     D:1: 1361 daAuts
     D:2: 1107 daAuts
     D:3: 1026 daAuts
     D:4: 942 daAuts
     D:5: 807 daAuts
     D:6: 324 daAuts
